 Dungeon Crawl Stone Soup version 0.28-a0-861-ge64d6db94f (webtiles) character file.

Game seed: 8833420712439176243

12679 spiderkeys the Nimble (level 11, -6/44 HPs)
             Began as a Spriggan Earth Elementalist on Nov 16, 2021.
             Was an Elder of Hepliaklqana.
             Mangled by a death yak simulacrum (22 damage)
             ... in an ice cave.
             The game lasted 00:40:38 (13882 turns).

spiderkeys the Nimble (SpEE)                       Turns: 13882, Time: 00:40:39

Health: -6/44      AC: 14    Str:  4    XL:     11   Next: 65%
Magic:  1/25       EV: 28    Int: 19    God:    Hepliaklqana [****..]
Gold:   1036       SH:  5    Dex: 17    Spells: 10/28 levels left

rFire   . . .      SeeInvis +   M - +2 dagger (elec)
rCold   . . .      Faith    .   (shield restricted)
rNeg    . . .      Spirit   .   R - +0 steam dragon scales
rPois   .          Reflect  +   A - +2 hat {Will+}
rElec   .          Harm     .   r - +2 cloak {Will+}
rCorr   .          Rampage  .   (gloves unavailable)
Will    +++..                   (boots unavailable)
Stlth   ++++......              v - amulet of reflection
HPRegen 0.14/turn               O - +4 ring of protection
MPRegen 0.19/turn               E - +4 ring of evasion

@: very quick
A: reduced essence, very small, no large weapons, unfitting armour, see
invisible, speed 3
a: Renounce Religion, Recall Ancestor, Ancestor Identity, Transference, Idealise


You were in an ice cave.
You worshipped Hepliaklqana.
Hepliaklqana was greatly pleased with you.
You visited 1 branch of the dungeon, and saw 11 of its levels.
You also visited: Sewer and Ice Cave.

You collected 1569 gold pieces.
You spent 533 gold pieces at shops.


Innate Abilities, Weirdness & Mutations

Your life essence is reduced to manifest your ancestor. (-10% HP)
You are very small and have problems with some larger weapons.
You are too small for most types of armour.
You have supernaturally acute eyesight. (SInv)
You cover ground extremely quickly. (Speed+++)


   Skills:
 + Level 1.3 Fighting
 - Level 4.0 Slings
 - Level 10.8 Dodging
 + Level 9.4 Stealth
 - Level 9.3 Spellcasting
 * Level 5.9 Hexes
 - Level 10.0 Transmutations
 + Level 8.0 Earth Magic
 - Level 8.0 Evocations


You had 10 spell levels left.
You knew the following spells:

 Your Spells              Type           Power      Damage    Failure   Level
a - Passwall              Tmut/Erth      35%        N/A       1%          2
c - Ice Form              Ice/Tmut       27%        N/A       11%         4
d - Tukima's Dance        Hex            31%        N/A       1%          3
e - Ensorcelled Hibernat  Hex/Ice        40%        N/A       3%          2
f - Inner Flame           Hex/Fire       20%        N/A       7%          3
w - Stone Arrow           Conj/Erth      48%        3d10      4%          3
z - Sandblast             Erth           78%        2d17      1%          1

Your spell library contained the following spells:

 Spells                   Type           Power      Damage    Failure   Level
 Petrify                  Tmut/Erth      43%        N/A       1%          4
 Foxfire                  Conj/Fire      32%        2x1d5     9%          1
 Conjure Flame            Conj/Fire      8%         6-21      24%         3
 Frozen Ramparts          Ice            16%        1d3       24%         3
 Ozocubu's Armour         Ice            8%         N/A       24%         3
 Metabolic Englaciation   Hex/Ice        10%        N/A       54%         5
 Flame Wave               Conj/Fire      8%         3d4       63%         4
 Summon Ice Beast         Ice/Summ       8%         N/A       63%         4
 Simulacrum               Ice/Necr       4%         N/A       100%        6

Inventory:

Hand Weapons
 a - a +2 dagger of venom
   (You took it off an orc wizard on level 8 of the Dungeon)
 b - a +2 hunting sling of freezing
   (You took it off an orc knight on level 10 of the Dungeon)
 f - a +0 dagger
   (You took it off a goblin on level 1 of the Dungeon)
 F - a +2 vampiric rapier
   (You took it off Eustachio on level 5 of the Dungeon)
 M - a +2 dagger of electrocution (weapon)
   (You took it off a kobold brigand on level 9 of the Dungeon)
Missiles
 c - 175 stones
 k - 94 bolts
 w - 28 poisoned darts
 C - 136 arrows
 J - 42 sling bullets
 N - 4 throwing nets {=f!f}
 P - 3 curare-tipped darts {=f}
 T - 4 atropa-tipped darts
Armour
 r - a +2 cloak of willpower (worn)
   (You took it off Crazy Yiuf on level 5 of the Dungeon)
 A - a +2 hat of willpower (worn)
   (You took it off Gastronok on level 8 of the Dungeon)
 R - +0 steam dragon scales (worn)
   (You found it on level 9 of the Dungeon)
Magical Staves
 d - a staff of poison {!a}
   (You found it on level 9 of the Dungeon)
 o - a staff of conjuration {!a}
   (You found it on level 3 of the Dungeon)
Jewellery
 v - an amulet of reflection (around neck)
   (You bought it in a shop on level 1 of the Dungeon)
 E - a +4 ring of evasion (right hand)
   (You found it on level 3 of the Dungeon)
 O - a +4 ring of protection (left hand)
   (You found it on level 4 of the Dungeon)
 S - a +6 ring of strength
   (You found it on level 2 of the Dungeon)
Wands
 s - a wand of paralysis (8)
   (You found it on level 4 of the Dungeon)
 D - a wand of digging (6)
   (You found it on level 5 of the Dungeon)
 K - a wand of mindburst (20)
   (You found it on level 6 of the Dungeon)
 U - a wand of iceblast (11)
   (You found it on level 10 of the Dungeon)
Scrolls
 e - 2 scrolls of magic mapping {!r}
 g - a scroll of fog
 i - 3 scrolls of teleportation {@r4}
 m - a scroll of blinking {!r}
 n - 3 scrolls of enchant weapon
 x - 3 scrolls of fear
 y - 3 scrolls of noise {!r}
 L - 2 scrolls of amnesia
 Q - 5 scrolls of identify {@r1}
Potions
 h - 2 potions of degeneration {unknown}
 j - 2 potions of lignification {unknown}
 l - 7 potions of invisibility {unknown}
 p - 8 potions of curing {@q1}
 q - a potion of flight {unknown}
 t - 5 potions of heal wounds {@q2}
 u - 2 potions of brilliance {unknown}
 z - 2 potions of cancellation {unknown}
 B - a potion of berserk rage {unknown}
 G - a potion of resistance {unknown}
 H - a potion of mutation {unknown}
 I - a potion of might {unknown}

Dungeon Overview and Level Annotations

Branches:
Dungeon (11/15)            Temple (0/1) D:6            Lair (0/6) D:10
    Orc (0/2) D:10          Sewer (visited)           IceCv (1/1)

Altars:
Elyvilon
Hepliaklqana
Kikubaaqudgha
Nemelex Xobeh
Okawaru
Qazlal
Sif Muna
Trog
Uskayaw
Xom
Yredelemnul
Zin
The Shining One

Shops:
D:1 ?[!*=   D:3 *   D:6 :

Portals:
Trove: D:10 (give +6 demon trident)

Annotations:
D:3 2 transporters, cheechan's ghost, amateur NaHu
D:4 1 runed translucent door IceCv exclusion: ice statue

#...## ##...####
##8#.....#?##
#...........##
#.............#
#.............##
...............#
.............Z.#
.......⌠......@#
...............#
..............#
.........##
...####.#
...#u4### #?⌠ #+


You could see a white ugly thing (asleep), an ice devil (asleep) and a death yak
simulacrum.


Message History

😮 HP[+1] MP[+1]
You catch the helpless ice beast completely off-guard!
You hit the ice beast but do no damage.
The ice beast hits you but does no damage.
You strike the helpless ice beast from behind!
You hit the ice beast. The ice beast closely misses you.
Skullybones closely misses the ice beast.
You hit the ice beast but do no damage.
The ice beast hits you but does no damage.
Skullybones hits the ice beast but does no damage.
You catch the helpless ice beast completely off-guard!
You hit the ice beast but do no damage.
Skullybones hits the ice beast with a +0 dagger of draining.
The ice beast hits skullybones but does no damage.
Skullybones hits the ice beast with a +0 dagger of draining.
Skullybones drains the ice beast.
Really walk into a travel-excluded area?
Okay, then.
Really walk into a travel-excluded area? 😮 HP[+1] MP[+1]
Casting: Stone Arrow (dangerous; 4% risk of failure)
Confirm with . or Enter, or press ? or * to list all spells.
Aiming: Stone Arrow (dangerous; 4% risk of failure)
Press: ? - help, Shift-Dir - straight line, f - ice statue
Aim: an ice statue (severely damaged, 100% to hit)
The stone arrow hits the ice statue. 😮 MP[-3]
You lost 3 mp, and now have 1/25 mp.
Casting: Stone Arrow (dangerous; 4% risk of failure)
Confirm with . or Enter, or press ? or * to list all spells.
You don't have enough magic to cast this spell.
You punch the ice statue!
Skullybones hits the ice beast with a +0 dagger of draining!
The ice beast dies!
The ice beast disappears in a puff of smoke!
The ice statue gestures at you. The shard of ice hits you!
You partially resist.
* * * LOW HITPOINT WARNING * * *
😨 HP[-8]
You take 8 damage, and now have 26/52 hp.
You hit the ice statue but do no damage.
The ice statue gestures at you. x2
The bolt of cold misses you.
You punch the ice statue! The ice statue gestures at you.
The shard of ice hits you. You partially resist.
* * * LOW HITPOINT WARNING * * *
😨 HP[-5]
You take 5 damage, and now have 21/52 hp.
You hit the ice statue.
You destroy the ice statue! 😨 MP[+1]
You see here a scroll of identify {@r1}. 😨 HP[+1]
What are your orders? t - Shout!
Orders for allies: a - Attack new target. r - Retreat! s - Stop attacking. g - Guard the area. f - Follow me.
Anything else - Cancel.
Gang up on whom?
Press: ? - help, Dir - move target, f - death yak simulacrum
Aim: a death yak simulacrum Attack!
Your transformation is almost over.
The death yak simulacrum gores skullybones.
The death yak simulacrum freezes skullybones!
Skullybones resists.
Skullybones hits the death yak simulacrum but does no damage. 😨 MP[+1] Skullybones hits the death yak simulacrum with a +0 dagger of draining!
The death yak simulacrum gores skullybones!
The death yak simulacrum freezes skullybones!
Skullybones resists.
Skullybones is destroyed!
Casting: Stone Arrow (dangerous; 4% risk of failure)
Confirm with . or Enter, or press ? or * to list all spells.
Aiming: Stone Arrow (dangerous; 4% risk of failure)
Press: ? - help, Shift-Dir - straight line, f/p - death yak simulacrum
Aim: a death yak simulacrum (moderately damaged, 100% to hit)
The stone arrow hits the death yak simulacrum! 😨 HP[+1] MP[-3]
You lost 3 mp, and now have 0/25 mp. 😨 MP[+1]
You hit the death yak simulacrum.
The death yak simulacrum barely misses you. 😨 HP[+1]
You punch the death yak simulacrum!
You hit the death yak simulacrum but do no damage.
You warm up again.
Your +2 dagger of electrocution unmelds from your body.
Your +2 cloak of willpower unmelds from your body.
Your +2 hat of willpower unmelds from your body.
Your +0 steam dragon scales unmelds from your body.
You hear the crackle of electricity.
You feel strong-willed. x2; The death yak simulacrum gores you.
* * * LOW HITPOINT WARNING * * *
The death yak simulacrum freezes you!!
Ouch! That really hurt!
You die...

Skill      XL: |  1  2  3  4  5  6  7  8  9 10 11 |
---------------+----------------------------------+-----
Dodging        | 3 4 6 7 8 10 | 10.8
Spellcasting   | 3 4 5 6 7 9 |  9.3
Transmutations | 2 3 4 5 6 8 9 10 | 10.0
Stealth        | 4 5 7 9 |  9.4
Earth Magic    | 3 4 5 6 7 8 |  8.0
Slings         | 2 4 |  4.0
Evocations     | 2 5 7 8 |  8.0
Hexes          | 5 |  5.9
Fighting       | 1 |  1.3

Action                   |  1- 3 |  4- 6 |  7- 9 | 10-12 || total
-------------------------+-------+-------+-------+-------++-------
Melee: Unarmed           |    23 |       |       |    44 ||    67
       Dagger            |    34 |   177 |   162 |   210 ||   583
       Rapier            |       |       |     7 |       ||     7
 Fire: Hunting sling     |       |    15 |       |       ||    15
Throw: Stone             |       |       |     1 |       ||     1
       Dart              |       |       |     1 |     1 ||     2
 Cast: Sandblast         |    41 |    47 |    86 |    65 ||   239
       Stone Arrow       |       |       |       |    58 ||    58
       Ensorcelled Hiber |       |       |       |    11 ||    11
       Tukima's Dance    |       |       |       |     8 ||     8
       Ice Form          |       |       |       |     4 ||     4
       Inner Flame       |       |       |       |     2 ||     2
Invok: Ancestor Identity |       |       |     1 |       ||     1
       Recall Ancestor   |       |       |     8 |    15 ||    23
       Ancestor Life: He |       |       |     1 |       ||     1
Evoke: Wand              |       |       |     7 |     4 ||    11
  Use: Scroll            |       |     5 |     7 |     3 ||    15
       Potion            |       |       |       |     6 ||     6
 Stab: Sleeping          |     3 |     7 |     5 |     6 ||    21
       Paralysed         |       |       |     5 |       ||     5
       Distracted        |       |       |     2 |     4 ||     6
       Confused          |       |       |       |     8 ||     8
Armor: Robe              |    19 |    35 |    38 |    15 ||   107
       Steam dragon scal |       |       |       |    18 ||    18
       Skin              |       |       |       |    15 ||    15
Dodge: Dodged            |    76 |   284 |   218 |   282 ||   860
Block: Other             |       |       |     6 |    61 ||    67
       Reflection        |       |       |     2 |     6 ||     8

Levels and vault maps discovered:
D:1:      lightli_arrival_quake, layout_basic, serial_shops,
          nicolae_lakefront_shop, shop, shop, nicolae_shop_waterfront, shop
D:2:      layout_basic, basic_altar
D:3:      layout_rooms, nicolae_uskayaw_dance_hall,
          nicolae_qazlal_eye_of_the_storm, gammafunk_ghost_smash, serial_shops,
          nicolae_square_shop, minmay_misc_feat_five, uniq_sigmund
D:4:      layout_loops_corners, overflow_temple_1_default,
          dk_yredelemnul_ordeal, grunt_temple_overflow_open,
          portal_sewer_entry_e, corexii_shack, uniq_ijyb
D:5:      layout_loops_cross, mainiacjoe_overflow_24_doors, uniq_eustachio,
          uniq_blork_the_orc, uniq_crazy_yiuf_cottage, uniq_pikel
D:6:      layout_cave_pools, kiku_gazebo_garden_becter,
          minmay_temple_entry_stoned_glass, nicolae_shop_self_help
D:7:      wad_crossroads, layout_loops_ring, minmay_misc_feat_iff, uniq_harold,
          uniq_joseph
D:8:      layout_basic, uniq_gastronok
D:9:      layout_basic, grunt_decor_cap, lemuel_another_geyser
D:10:     layout_irregular_city, okawaru_gym_becter, tso_oasis_becter,
          mainiacjoe_overflow_surrounded_room, nemelex_diamond_rough_becter,
          david_lair_generic, orc_0_dummy, nicolae_trove_entry_columns,
          minmay_starry_boxes
D:11:     layout_rooms, portal_ice_cave_rime, corexii_checkpoint_a, uniq_snorg,
          uniq_fannar
IceCv:    ice_cave_tombish

Notes
Turn   | Place    | Note
-------+----------+-------------------------------------------
     0 | D:1      | spiderkeys the Spriggan Earth Elementalist began the quest
                  | for the Orb.
     0 | D:1      | Reached XP level 1. HP: 9/9 MP: 5/5
     0 | D:1      | magus.rc [v1.9.10]
   147 | D:1      | Found Biol's General Store.
   193 | D:1      | Reached XP level 2. HP: 13/13 MP: 1/6
   250 | D:1      | You pick up a book of Rime and begin reading...
   250 | D:1      | You add the spells Frozen Ramparts, Ice Form and Summon Ice
                  | Beast to your library.
   321 | D:1      | Found Karithin's Distillery.
   354 | D:1      | Found Peituitau's Armour Emporium.
   392 | D:1      | Found Oppuc's Magic Scroll Emporium.
   545 | D:1      | Reached skill level 3 in Dodging
   589 | D:1      | Found Qitoh's Jewellery Shoppe.
   670 | D:1      | Reached skill level 3 in Spellcasting
   686 | D:1      | Reached skill level 2 in Transmutations
  1165 | D:2      | Reached skill level 4 in Stealth
  1165 | D:2      | Reached skill level 3 in Earth Magic
  1165 | D:2      | Reached XP level 3. HP: 16/16 MP: 5/8
  1439 | D:2      | Reached XP level 4. HP: 21/21 MP: 7/10
  2113 | D:2      | Found a bloodstained altar of Trog.
  2291 | D:3      | Found a stormy altar of Qazlal.
  2300 | D:3      | Noticed Sigmund
  2389 | D:3      | Found a hide-covered altar of Uskayaw.
  2535 | D:3      | Killed Sigmund
  2536 | D:3      | Reached skill level 4 in Dodging
  2536 | D:3      | Reached skill level 5 in Stealth
  2536 | D:3      | Reached skill level 4 in Spellcasting
  2536 | D:3      | Reached skill level 3 in Transmutations
  2536 | D:3      | Reached XP level 5. HP: 24/24 MP: 8/12
  2644 | D:3      | Found Ulikk's General Store.
  2652 | D:3      | Bought a potion of curing for 33 gold pieces
  2656 | D:3      | Found a transporter.
  2744 | D:3      | Noticed an ogre
  2745 | D:3      | Noticed cheechan's ghost (amateur NaHu)
  2746 | D:3      | Noticed an ogre
  2747 | D:3      | Noticed an ogre
  2885 | D:4      | Noticed a phantom
  2894 | D:4      | Killed a phantom
  2895 | D:4      | Reached XP level 6. HP: 26/28 MP: 5/13
  2906 | D:4      | Reached skill level 1 in Slings
  2979 | D:4      | Found a shimmering altar of Xom.
  2994 | D:4      | Found a hazy altar of Hepliaklqana.
  2998 | D:4      | Found a shimmering blue altar of Sif Muna.
  3006 | D:4      | Became a worshipper of Hepliaklqana the Forgotten
  3144 | D:4      | Found a runed translucent door.
  3144 | D:4      | Noticed a human
  3149 | D:4      | Found a basalt altar of Yredelemnul.
  3169 | D:4      | Reached skill level 4 in Transmutations
  3197 | D:4      | Found a glowing drain.
  3206 | Sewer    | Entered a sewer
  3686 | Sewer    | Reached skill level 2 in Slings
  3833 | Sewer    | Reached XP level 7. HP: 17/32 MP: 14/14
  4218 | D:4      | Reached skill level 6 in Stealth
  4219 | D:4      | Reached skill level 5 in Dodging
  4559 | D:4      | Noticed Ijyb
  4567 | D:4      | Killed Ijyb
  4568 | D:4      | Reached skill level 4 in Earth Magic
  5012 | D:5      | Entered Level 5 of the Dungeon
  5026 | D:5      | Reached * piety under Hepliaklqana
  5081 | D:5      | Reached skill level 3 in Slings
  5081 | D:5      | Reached skill level 5 in Spellcasting
  5370 | D:5      | Found a runed translucent door.
  5371 | D:5      | Noticed Crazy Yiuf
  5409 | D:5      | Noticed Pikel
  5425 | D:5      | Reached skill level 5 in Transmutations
  5437 | D:5      | Killed Pikel
  5438 | D:5      | Reached skill level 4 in Slings
  5438 | D:5      | Reached skill level 6 in Dodging
  5438 | D:5      | Reached skill level 7 in Stealth
  5438 | D:5      | Reached XP level 8. HP: 32/32 MP: 14/17
  5461 | D:5      | Noticed Blork the orc
  5495 | D:5      | Killed Blork the orc
  5496 | D:5      | Reached skill level 6 in Spellcasting
  5496 | D:5      | Reached skill level 6 in Transmutations
  5496 | D:5      | Reached skill level 1 in Evocations
  5523 | D:5      | Noticed Eustachio
  5529 | D:5      | Killed Eustachio
  5530 | D:5      | Reached skill level 5 in Earth Magic
  5530 | D:5      | Reached skill level 2 in Evocations
  5547 | D:5      | Reached skill level 7 in Dodging
  5816 | D:5      | Reached XP level 9. HP: 33/35 MP: 11/19
  6004 | D:5      | Found a glowing silver altar of Zin.
  6123 | D:5      | Killed Crazy Yiuf
  6124 | D:5      | Reached skill level 3 in Evocations
  6345 | D:6      | Found Liumep's Self-Improvement Boutique.
  6372 | D:6      | Noticed a gargoyle
  6510 | D:5      | Identified a scroll of acquirement
  6511 | D:5      | Acquired 894 gold pieces
  6521 | D:6      | HP: 4/35 [gargoyle/stone arrow (31)]
  6888 | D:1      | Bought an amulet of reflection for 360 gold pieces
  6945 | D:1      | Bought a potion of heal wounds for 70 gold pieces
  6945 | D:1      | Bought a potion of heal wounds for 70 gold pieces
  7037 | D:3      | Found a transporter.
  7211 | D:6      | Reached skill level 7 in Transmutations
  7232 | D:6      | Reached skill level 7 in Spellcasting
  7330 | D:6      | Reached skill level 4 in Evocations
  7394 | D:6      | Found an ancient bone altar of Kikubaaqudgha.
  7406 | D:6      | Reached ** piety under Hepliaklqana
  7407 | D:6      | Remembered your ancestor skullybones as a hexer
  7444 | D:6      | Found a staircase to the Ecumenical Temple.
  7574 | D:6      | Killed a gargoyle
  7575 | D:6      | Reached skill level 8 in Dodging
  8014 | D:7      | Noticed Harold
  8030 | D:7      | Killed Harold
  8031 | D:7      | Reached skill level 8 in Transmutations
  8031 | D:7      | Reached skill level 6 in Earth Magic
  8031 | D:7      | Reached skill level 5 in Evocations
  8120 | D:7      | Reached XP level 10. HP: 19/39 MP: 17/22
  8310 | D:7      | Learned a level 3 spell: Stone Arrow
  8352 | D:7      | Identified the +1 leather armour "Tuasuops" {Will+}
  8490 | D:7      | Noticed Joseph
  8495 | D:7      | Killed Joseph
  8496 | D:7      | Reached skill level 8 in Spellcasting
  8622 | D:7      | Reached skill level 9 in Dodging
  8626 | D:7      | Reached skill level 6 in Evocations
  8935 | D:7      | You pick up a book of Flames and begin reading...
  8935 | D:7      | You add the spells Foxfire, Conjure Flame, Inner Flame and
                  | Flame Wave to your library.
  9269 | D:8      | Noticed Gastronok
  9298 | D:8      | Killed Gastronok
  9299 | D:8      | Reached skill level 9 in Transmutations
  9655 | D:8      | Reached skill level 7 in Evocations
  9667 | D:8      | Reached skill level 7 in Earth Magic
  9987 | D:8      | Reached *** piety under Hepliaklqana
 10065 | D:8      | Noticed a two-headed ogre
 10071 | D:8      | Killed a two-headed ogre
 10072 | D:8      | Reached skill level 9 in Spellcasting
 10261 | D:9      | Reached skill level 10 in Dodging
 10735 | D:9      | You pick up a book of Maledictions and begin reading...
 10735 | D:9      | You add the spells Ensorcelled Hibernation and Tukima's
                  | Dance to your library.
 10739 | D:9      | Learned a level 2 spell: Ensorcelled Hibernation
 10748 | D:9      | Reached XP level 11. HP: 42/42 MP: 25/25
 10800 | D:9      | Learned a level 3 spell: Tukima's Dance
 10805 | D:9      | Learned a level 4 spell: Ice Form
 10808 | D:9      | Learned a level 2 spell: Passwall
 11036 | D:9      | Reached skill level 1 in Hexes
 11397 | D:10     | Entered Level 10 of the Dungeon
 11442 | D:10     | Found a portal to a secret trove of treasure.
 11450 | D:10     | This trove needs a +6 demon trident to function. Give it
                  | the item?
 11699 | D:10     | Reached skill level 2 in Hexes
 11769 | D:10     | Reached skill level 8 in Evocations
 11867 | D:10     | Reached skill level 8 in Stealth
 11867 | D:10     | Reached skill level 10 in Transmutations
 11956 | D:10     | Found an iron altar of Okawaru.
 11990 | D:10     | Reached skill level 3 in Hexes
 12143 | D:10     | Found a staircase to the Lair.
 12160 | D:10     | You pick up a book of Winter and begin reading...
 12160 | D:10     | You add the spells Ozocubu's Armour, Metabolic Englaciation
                  | and Simulacrum to your library.
 12225 | D:10     | Noticed an orc knight
 12759 | D:10     | HP: 5/42 [orc knight/stone (13)]
 12761 | D:10     | Killed an orc knight
 12762 | D:10     | Reached skill level 4 in Hexes
 13005 | D:10     | Found a staircase to the Orcish Mines.
 13008 | D:10     | Reached **** piety under Hepliaklqana
 13056 | D:10     | Found a white marble altar of Elyvilon.
 13076 | D:10     | Found a sparkling altar of Nemelex Xobeh.
 13245 | D:10     | Found a glowing golden altar of the Shining One.
 13322 | D:10     | Noticed a two-headed ogre
 13332 | D:10     | Killed a two-headed ogre
 13489 | D:11     | Learned a level 3 spell: Inner Flame
 13498 | D:11     | Found a frozen archway.
 13509 | D:11     | Reached skill level 9 in Stealth
 13509 | D:11     | Reached skill level 5 in Hexes
 13564 | IceCv    | Entered an ice cave
 13573 | IceCv    | Reached skill level 1 in Fighting
 13720 | IceCv    | Reached skill level 8 in Earth Magic
 13877 | IceCv    | Noticed a white ugly thing
 13882 | IceCv    | Mangled by a death yak simulacrum

Vanquished Creatures
  Gastronok (D:8)
  2 two-headed ogres
  Pikel (D:5)
  An orc knight (D:10)
  An elephant (D:10)
  An ice statue (IceCv)
  A gargoyle (D:6)
  An ice devil (IceCv)
  A hornet (D:10)
  2 wyverns (D:10)
  Eustachio (D:5)
  A steam dragon (D:9)
  An acid dragon (D:9)
  2 black bears
  4 orc warriors
  2 necrophages
  3 ogres (D:5)
  3 centaurs
  A lemure (D:5)
  A phantom (D:4)
  5 kobold brigands
  Blork the orc (D:5)
  2 scorpions
  A gnoll sergeant (D:10)
  3 bullfrogs
  A cane toad simulacrum (IceCv)
  A water moccasin skeleton (D:6)
  7 killer bees
  3 howler monkeys
  A wight (D:7)
  3 electric eels (D:9)
  2 centaur zombies
  3 hounds
  4 jellies
  2 bullfrog skeletons (D:5)
  4 orc priests
  Ijyb (D:4)
  Crazy Yiuf (D:5)
  2 iguanas (D:4)
  10 orc wizards
  A spriggan simulacrum (IceCv)
  A wolf simulacrum (IceCv)
  3 gnolls
  A howler monkey skeleton (D:4)
  7 river rats
  5 adders
  3 white imps
  2 ufetubi
  2 worms
  A dart slug (D:2)
  16 orcs
  12 ball pythons
  11 endoplasms
  3 giant cockroaches
  8 goblins
  9 hobgoblins
  4 jackals (D:1)
  23 kobolds
  2 quokkas
  5 bats
  2 frilled lizards
  A kobold skeleton (D:4)
  26 rats
236 creatures vanquished.

Vanquished Creatures (collateral kills)
  Harold (D:7)
  Joseph (D:7)
  A centaur zombie (D:11)
  2 rime drakes (D:11)
  Sigmund (D:3)
  4 yaks (D:10)
  A steam dragon (D:9)
  An orc warrior (D:10)
  A black bear (D:9)
  An ice beast (D:6)
  An ogre (D:6)
  A phantom (D:5)
  2 bullfrogs
  5 killer bees
  An electric eel (D:9)
  A howler monkey (D:10)
  An iguana (D:5)
  2 polar bear simulacra (IceCv)
  A hound skeleton (D:5)
  A gnoll (D:10)
  A howler monkey skeleton (D:7)
  A shadow imp (D:6)
  A white imp (D:7)
  9 orcs
  7 kobolds
49 creatures vanquished.

Vanquished Creatures (others)
  An electric eel (D:9)
  7 hexers
  An ancestor (D:5)
  A kobold (D:10)
  4 plants
  2 withered plants (D:6)
16 creatures vanquished.

Grand Total: 301 creatures vanquished

Table legend:
 A = Non-vault XP
 B = Vault XP
 C = Vault XP percentage of total XP
 D = Non-vault monster count
 E = Vault monster count
 F = Vault count percentage of total count
                 A         B        C        D         E       F
            +---------+---------+-------+---------+---------+-------
      Total |    9495 |    8619 |  47.6 |     193 |      92 |  32.3
            +---------+---------+-------+---------+---------+-------
        D:1 |      37 |       0 |   0.0 |      22 |       0 |   0.0
        D:2 |      72 |       0 |   0.0 |      14 |       0 |   0.0
        D:3 |      22 |     223 |  91.0 |      13 |       1 |   7.1
        D:4 |     408 |      66 |  13.9 |      24 |      11 |  31.4
        D:5 |    1177 |     979 |  45.4 |      17 |       4 |  19.0
        D:6 |    1353 |       0 |   0.0 |      16 |       0 |   0.0
        D:7 |     788 |    1548 |  66.3 |      14 |       6 |  30.0
        D:8 |    1405 |    1445 |  50.7 |      23 |       1 |   4.2
        D:9 |    1773 |     131 |   6.9 |      26 |       1 |   3.7
       D:10 |    2015 |    2293 |  53.2 |      23 |      10 |  30.3
       D:11 |     445 |     765 |  63.2 |       1 |       2 |  66.7
      Sewer |       0 |     158 | 100.0 |       0 |      48 | 100.0
      IceCv |       0 |    1011 | 100.0 |       0 |       8 | 100.0
            +---------+---------+-------+---------+---------+-------

Illustrated notes

Table legend:
 A = Kills in this place as a percentage of kills in entire the game.
 B = Kills by you in this place as a percentage of kills by you in the entire game.
 C = Kills by friends in this place as a percentage of kills by friends in the entire game.
 D = Other kills in this place as a percentage of other kills in the entire game.
 E = Experience gained in this place as a percentage of experience gained in the entire game.
 F = Experience gained in this place divided by the number of levels of this place that you have seen.
                   A       B       C       D       E      F
               +-------+-------+-------+-------+-------+----------------------
         Total | 100.0 | 100.0 | 100.0 | 100.0 | 100.0 | 1393.4
       Dungeon |  80.4 |  76.8 |  95.9 | 100.0 |  93.5 | 1540.5
         Sewer |  16.8 |  20.6 |   0.0 |   0.0 |   0.9 | 158.0
      Ice Cave |   2.8 |   2.6 |   4.1 |   0.0 |   5.6 | 1011.0
               +-------+-------+-------+-------+-------+----------------------

Table legend: (Time is in decaauts)
 A = Elapsed time spent in this place.
 B = Non-inter-level travel time spent in this place.
 C = Inter-level travel time spent in this place.
 D = Time resting spent in this place.
 E = Time spent auto-exploring this place.
 F = Levels seen in this place.
 G = Mean time per level.
                   A        B        C        D        E       F      G
               +--------+--------+--------+--------+--------+-----+--------+
         Total |  10995 |  10666 |    329 |   1353 |   6959 |  13 |  845.8 |
       Dungeon |   9814 |   9485 |    329 |   1134 |   6350 |  11 |  892.2 |
         Sewer |    863 |    863 |      0 |      0 |    609 |   1 |  863.0 |
      Ice Cave |    317 |    317 |      0 |    219 |      0 |   1 |  317.0 |
               +--------+--------+--------+--------+--------+-----+--------+

Top non-repeatable levels by time:
     D:5: 1446 daAuts
     D:9: 1437 daAuts
    D:10: 1280 daAuts
     D:7: 951 daAuts
     D:1: 939 daAuts
     D:4: 869 daAuts
   Sewer: 863 daAuts
     D:8: 788 daAuts
     D:2: 787 daAuts
     D:6: 690 daAuts
     D:3: 547 daAuts
   IceCv: 317 daAuts
    D:11: 76 daAuts
